 Dungeon Crawl Stone Soup version 0.31-a0-1447-g87ca8d402b (webtiles) character file.

Game seed: 17744828316539302521

509949 iguanaiguana the Gelid (level 25, -10/183 HPs)
             Began as a Human Alchemist on Dec 21, 2023.
             Was the Champion of Hepliaklqana.
             Killed from afar by a yellow draconian annihilator (59 damage)
             ... with an iron shot
             ... on level 1 of the Realm of Zot on Dec 28, 2023.
             The game lasted 04:51:40 (73366 turns).

iguanaiguana the Gelid (Human Alchemist)           Turns: 73366, Time: 04:51:40

Health: -10/183    AC: 12    Str: 15    XL:     25   Next: 7%
Magic:  36/37      EV: 17    Int: 33    God:    Hepliaklqana [******]
Gold:   2646       SH: 19    Dex: 20    Spells: 5/44 levels left

rFire   + . .        b - +3 morningstar "Lyselimul" {freeze, rElec Will+ Str+2}
rCold   + . .        A - +5 kite shield {AC+3}
rNeg    + + .        S - +3 troll leather armour
rPois   +            J - +2 hat
rElec   +            P - scarf {rC+ rF+}
rCorr   .            F - +1 pair of gloves
SInv    +            T - +2 pair of boots
Will    ++...        Q - amulet of Emmoirhu {RegenMP ^Contam Int+3 Dex+5}
Stlth   +++++        G - ring of Kufyto {Int+6 Dex+2 Slay+2 Stlth+}
HPRegen 1.30/turn    X - ring "Baizut" {rN++ Str+6 Dex-4 SInv Stlth+}
MPRegen 0.65/turn

%: no passive effects
@: corroded, studying 2 skills
A: reduced essence, explore regen, antennae 2, poison resistance, weak 1
}: 3/15 runes: decaying, serpentine, abyssal
a: Renounce Religion, Recall Ancestor, Ancestor Identity, Transference, Idealise


You were on level 1 of the Realm of Zot.
You worshipped Hepliaklqana.
Hepliaklqana was exalted by your worship.
You visited 10 branches of the dungeon, and saw 43 of its levels.
You visited the Abyss 2 times.
You also visited: Ice Cave.

You collected 7196 gold pieces.
You spent 4550 gold pieces at shops.

Inventory:

Hand Weapons
 b - the +3 morningstar "Lyselimul" (weapon) {freeze, rElec Will+ Str+2}
   (You took it off a vampire knight on level 1 of the Depths)

   Str+2:     It affects your strength (+2).
   rElec:     It insulates you from electricity.
   Will+:     It increases your willpower.
Missiles
 v - 2 throwing nets
 y - 20 javelins
Armour
 A - a +5 kite shield of protection (worn)
 F - a +1 pair of gloves (worn)
 J - a +2 hat (worn)
 P - a scarf of resistance (worn)
 S - a +3 troll leather armour (worn)
 T - a +2 pair of boots (worn)
Magical Staves
 a - a staff of cold
Jewellery
 p - a +4 ring of protection
 q - the ring "Cefouryp" {EV+5 Stlth+}
   (You took it off an ancient champion on level 2 of the Depths)

   [ring of evasion]

   EV+5:      It affects your evasion (+5).
   Stlth+:    It makes you more stealthy.
 z - a ring of see invisible
 G - the ring of Kufyto (left hand) {Int+6 Dex+2 Slay+2 Stlth+}
   (You bought it in a shop on level 2 of the Vaults)

   [ring of intelligence]

   Int+6:     It affects your intelligence (+6).
   Dex+2:     It affects your dexterity (+2).
   Slay+2:    It affects your accuracy & damage with ranged weapons and melee
   (+2).
   Stlth+:    It makes you more stealthy.
 O - the ring "Daifon" {rF+ Str+2}
   (You found it on level 2 of the Depths)

   [ring of protection from fire]

   Str+2:     It affects your strength (+2).
   rF+:       It protects you from fire.
 Q - the amulet of Emmoirhu (around neck) {RegenMP ^Contam Int+3 Dex+5}
   (You bought it in a shop on level 2 of the Vaults)

   [amulet of magic regeneration]

   RegenMP:   It increases your rate of magic regeneration.
   Int+3:     It affects your intelligence (+3).
   Dex+5:     It affects your dexterity (+5).
   ^Contam:   It causes magical contamination when unequipped.
 X - the ring "Baizut" (right hand) {rN++ Str+6 Dex-4 SInv Stlth+}
   (You took it off a skeletal warrior on level 2 of the Depths)

   [ring of strength]

   Str+6:     It affects your strength (+6).
   Dex-4:     It affects your dexterity (-4).
   rN++:      It greatly protects you from negative energy.
   SInv:      It lets you see invisible.
   Stlth+:    It makes you more stealthy.
 Z - a ring of willpower
Wands
 u - a wand of polymorph (24)
 B - a wand of quicksilver (23)
 M - a wand of digging (17) {@v3}
 U - a wand of iceblast (23) {@v2}
 W - a wand of charming (48)
Scrolls
 g - 2 scrolls of brand weapon
 i - 4 scrolls of silence
 k - 4 scrolls of immolation
 n - 5 scrolls of poison
 o - 6 scrolls of teleportation {@r3}
 s - 8 scrolls of fear
 t - 4 scrolls of fog
 I - 11 scrolls of vulnerability
 K - 2 scrolls of blinking {@r4}
 Y - 4 scrolls of revelation
Potions
 c - 3 potions of haste {@q4}
 d - 11 potions of mutation
 e - 3 potions of ambrosia
 f - 4 potions of might {@q3}
 h - 13 potions of curing {@q1}
 m - 7 potions of brilliance
 r - 3 potions of cancellation
 w - a potion of heal wounds {@q2}
 D - 4 potions of resistance {@q5}
 E - 11 potions of lignification
 H - 4 potions of enlightenment
 N - 2 potions of magic
 R - 4 potions of berserk rage
Miscellaneous
 l - a condenser vane
 C - a phantom mirror (inert)
 L - a box of beasts (inert)
 V - a lightning rod (4/4)


   Skills:
 - Level 18.0 Fighting
 - Level 12.0 Staves
 - Level 3.5 Armour
 - Level 10.0 Dodging
 - Level 6.0 Stealth
 - Level 15.0 Shields
 - Level 10.0 Spellcasting
 - Level 10.0 Conjurations
 - Level 1.1 Translocations
 - Level 10.0 Fire Magic
 - Level 20.0 Ice Magic
 + Level 18.2 Air Magic
 - Level 10.0 Alchemy
 - Level 10.0 Invocations
 - Level 10.0 Evocations


You had 5 spell levels left.
You knew the following spells:

 Your Spells              Type           Power      Damage    Failure   Level
a - Freezing Cloud        Conj/Ice/Air   44%        6-21      1%          5
b - Sculpt Simulacrum     Ice/Alch       43%        N/A       1%          6
c - Plasma Beam           Fire/Air       41%        2x1d55    2%          6
d - Olgreb's Toxic Radia  Alch           70%        N/A       1%          4
e - Sticky Flame          Fire/Alch      70%        2d11      1%          4
f - Mephitic Cloud        Conj/Alch/Air  79%        N/A       1%          3
g - Swiftness             Air            95%        N/A       0%          3
h - Ozocubu's Refrigerat  Ice            49%        4d18      1%          7
i - Apportation           Tloc           46%        N/A       3%          1

Your spell library contained the following spells:

 Spells                   Type           Power      Damage    Failure   Level
 Freeze                   Ice            100%       1d10      0%          1
 Frozen Ramparts          Ice            100%       1d16      0%          3
 Ozocubu's Armour         Ice            99%        N/A       0%          3
 Foxfire                  Conj/Fire      100%       2x1d9     1%          1
 Kiss of Death            Conj/Necr      100%       2d13      1%          1
 Magic Dart               Conj           100%       1d8       1%          1
 Shock                    Conj/Air       100%       1d9       1%          1
 Sting                    Conj/Alch      100%       1d9       1%          1
 Ensorcelled Hibernation  Hex/Ice        100%       N/A       1%          2
 Mercury Vapours          Alch/Air       100%       N/A       1%          2
 Scorch                   Fire           100%       2d9       1%          2
 Hailstorm                Conj/Ice       86%        3d14      1%          3
 Summon Ice Beast         Ice/Summ       70%        N/A       1%          3
 Volatile Blastmotes      Fire/Tloc      100%       2d18      1%          3
 Airstrike                Air            47%        2d(7-23)  1%          4
 Flame Wave               Conj/Fire      70%        2d16      1%          4
 Summon Lightning Spire   Summ/Air       67%        N/A       1%          4
 Dazzling Flash           Conj/Hex       98%        N/A       2%          3
 Stone Arrow              Conj/Erth      98%        3d13      2%          3
 Fireball                 Conj/Fire      35%        3d15      2%          5
 Metabolic Englaciation   Hex/Ice        35%        N/A       2%          5
 Silence                  Hex/Air        33%        N/A       4%          5
 Necrotise                Necr           64%        1d7       6%          1
 Summon Small Mammal      Summ           64%        N/A       6%          1
 Iskenderun's Mystic Bla  Conj/Tloc      52%        2d11      6%          4
 Leda's Liquefaction      Alch/Erth      24%        N/A       8%          4
 Petrify                  Alch/Erth      49%        N/A       8%          4
 Call Canine Familiar     Summ           16%        N/A       19%         3
 Confusing Touch          Hex            16%        N/A       19%         3
 Sigil of Binding         Hex            16%        N/A       19%         3
 Tukima's Dance           Hex            16%        N/A       19%         3
 Passage of Golubria      Tloc           23%        N/A       36%         4
 Dimensional Bullseye     Hex/Tloc       10%        N/A       43%         4
 Animate Armour           Summ/Erth      32%        N/A       52%         4
 Cause Fear               Hex            8%         N/A       52%         4
 Dispel Undead            Necr           16%        3d10      52%         4
 Summon Forest            Summ/Tloc      10%        N/A       80%         5
 Lee's Rapid Deconstruct  Erth           8%         3d7*      86%         5
 Summon Mana Viper        Hex/Summ       16%        N/A       86%         5
 Conjure Ball Lightning   Conj/Air       41%        3x3d13    2%          6
 Starburst                Conj/Fire      35%        6d10      16%         6
 Maxwell's Capacitive Co  Air            47%        ∞         22%         8
 Summon Cactus Giant      Summ           8%         N/A       100%        6
 Haunt                    Necr/Summ      8%         N/A       100%        7
 Borgnjor's Revivificati  Necr           8%         N/A       100%        8
 Discord                  Hex            8%         N/A       100%        8
 Disjunction              Tloc           11%        N/A       100%        8
 Lehudib's Crystal Spear  Conj/Erth      24%        10d7      100%        8
 Death's Door             Necr           8%         N/A       100%        9
 Dragon's Call            Summ           8%         N/A       100%        9
 Fire Storm               Conj/Fire      35%        8d9       100%        9


Dungeon Overview and Level Annotations

Branches:
Dungeon (15/15) Zot: 24372  Temple (1/1) D:6 Zot: 5998    Lair (5/5) D:10 Zot: 23063
  Swamp (4/4) Lair:3 Zot: 16775   Snake (4/4) Lair:2 Zot: 11845   Slime (0/5) Lair:5
    Orc (2/2) D:9 Zot: 9902     Elf (3/3) Orc:2 Zot: 9065  Vaults (4/5) D:14 Zot: 12845
  Crypt (0/3) Vaults:2     Depths (4/4) D:15 Zot: 17212     Zot (1/5) Depths:4 Zot: 5077
  IceCv (visited)

Altars:
Ashenzari
Cheibriados
Dithmenos
Elyvilon
Fedhas
Gozag
Hepliaklqana
Kikubaaqudgha
Makhleb
Nemelex Xobeh
Okawaru
Qazlal
Ru
Sif Muna
Trog
Uskayaw
Vehumet
Wu Jian
Xom
Yredelemnul
Zin
The Shining One
Lugonu

Shops:
D:7 [   D:15 :   Orc:2 (?[*   Elf:3 (   Vaults:2 ((*=   Vaults:4 ?   Depths:2 ?
Depths:4 (

Portals:
Hell: Depths:1 Depths:2 Depths:3 Depths:4
Abyss: Depths:1 Depths:2 Depths:3 Depths:4
Pandemonium: Depths:2
Ziggurat: Depths:4
Trove: D:13 (give +4 demon whip)

Annotations:
D:6 exclusions: 4 centaurs and 8 more exclusions
D:9 exclusion: downstairs
Lair:1 exclusion: oklob plant
Lair:5 1 runed translucent door
Swamp:3 2 runed translucent doors, benadryl's ghost, adept MiBe
Snake:3 Bai Suzhen; Vashnia
Orc:1 3 runed translucent doors, 1 transporter, exclusion: 3 doors, Liezuv's ghost, journeyman HOFi
Elf:1 Roxanne
Elf:2 3 runed translucent doors
Elf:3 exclusions: orange crystal statue and 1 more exclusion
Vaults:1 3 runed translucent doors, exclusion: obsidian statue, Pixtaico's ghost, adept FeNe
Vaults:2 exclusion: door
Depths:1 exclusion: downstairs
Depths:2 2 transporters
Zot:1 1 exclusion


Innate Abilities, Weirdness & Mutations

Your life essence is reduced to manifest your ancestor. (-10% HP)
You regain HP and MP as you explore.
You have a pair of antennae on your head.
Your system is resistant to poisons. (rPois)
You are weak. (Str -2)


Message History

Oldiguana resists.
The shadow dragon bites Oldiguana.
The black draconian knight gestures at you while chanting.
Oldiguana casts a spell at the shadow dragon.
The shadow dragon resists with almost no effort.
The yellow draconian annihilator casts a spell at you.
The shadow dragon bites Oldiguana!
The shadow dragon claws Oldiguana!
The shadow dragon barely misses Oldiguana.
The yellow draconian annihilator points at you and mumbles some strange words.
Oldiguana casts a spell.
Oldiguana seems to speed up.
Oldiguana hits the shadow dragon with a +0 antimagic quick blade!!! x2
Oldiguana barely misses the shadow dragon.
Oldiguana hits the shadow dragon with a +0 antimagic quick blade!!
Oldiguana hits the shadow dragon with a +0 antimagic quick blade!
Oldiguana hits the shadow dragon with a +0 antimagic quick blade!!!
The shadow dragon dies!
You hear a splash.
The shadow dragon scales are intact enough to wear.
You hear a roar!
The yellow draconian annihilator spits acid at you.
The glob of acid hits you!!
* * * LOW HITPOINT WARNING * * *
The black draconian knight breathes lightning at you.
The bolt of lightning hits you! You resist.
* * * LOW HITPOINT WARNING * * *
The black draconian knight is no longer moving quickly.
The black draconian knight looks more healthy.
Oldiguana hits the yellow draconian with a +0 antimagic quick blade!! x2
The yellow draconian dies!
You hear a splash.
The black draconian knight breathes lightning at you.
The bolt of lightning hits you! You resist.
* * * LOW HITPOINT WARNING * * *
You feel much better.
Oldiguana is not nearby!
Oldiguana is recalled.
Oldiguana loses the glow of perfection.
The yellow draconian annihilator casts a spell at you.
The iron shot hits you!!!
You die...

,,,+.~≈≈≈≈~~#...# #.....# #...###
***#.~≈≈≈~~~##..####...####..####
* #.§≈≈~≈~~~#...###.⌠.###...####
* #.~~§≈≈~~~##...##...##...#####
***#.~~[~~~R~.##.....†.....######
,,*#°°~~~~~)q{###...).....##.####
*,*#°°~~~~~~~{'q##....)..##..'...
*+##........{{##.###...###...##.#
,,#d°......f.{##@# #.).# #'####.#
,,#..~~~~~~~~.##R# #'#.###.......
,,+..~~#####f.##.###.#..###.#####
,,#..~~# #f.'.........# #.#
,,#..§~# #f.##.######.# #.#
,,#.§q§# #~.##.# #.# #.# ,,#.dd§#
#☼d##.# #.# #)#
*+#q.~§#####z.##.# #.# #.#
*,#..~~~~)Cd~.##.######.###.#


You could see the friendly Oldiguana the hexer (fast) and a yellow draconian
annihilator.

Vanquished Creatures
  Mara (Vaults:1)
  Sojobo (Depths:2)
  Nikola (Swamp:2)
  Margery (Vaults:2)
  Norris (Elf:1)
  A hellephant (Vaults:2)
  A tentacled monstrosity (Depths:2)
  Rupert (D:15)
  Asterion (Snake:3)
  A deep elf master archer (Elf:3)
  A lich (Depths:2)
  2 sphinxes
  A quicksilver dragon (Zot:1)
  2 deep elf blademasters (Elf:3)
  An Executioner (Abyss:4)
  2 death cobs (Zot:1)
  An ancient champion (Depths:2)
  Gastronok (Lair:1)
  Aizul (Vaults:2)
  A thorn hunter (Swamp:4)
  2 storm dragons (Depths:4)
  Donald (Vaults:3)
  3 tengu reavers (Depths:2)
  A nagaraja (Snake:4)
  2 daevas (Depths:4)
  A protean progenitor (Zot:1)
  8 fire giants
  A draconian shifter (Depths:4)
  An azure jelly (IceCv)
  6 deep elf sorcerers
  9 vault wardens
  3 frost giants
  A ghost moth (Zot:1)
  The ghost of grandjackal the Fighter, a journeyman DrGl of Okawaru (Lair:3)
  2 deep elf elementalists (Elf:3)
  2 ghouls (Swamp:3)
  8 ironbound preservers
  2 spriggan defenders
  6 very ugly things
  A quicksilver ooze (IceCv)
  An orc warlord (Vaults:1)
  3 ironbound thunderhulks
  2 ophanim (Abyss:4)
  2 formless jellyfish
  3 stone giants
  A vampire knight (Depths:1)
  3 green draconians
  5 deep elf death magi
  5 deep elf demonologists (Elf:3)
  2 black draconians
  A purple draconian (Depths:4)
  5 deep elf annihilators
  Azrael (Elf:1)
  3 bunyips
  A yellow draconian (Depths:4)
  3 eleionomae
  7 red draconians (Zot:1)
  2 minotaurs (Zot:1)
  A white draconian (Depths:4)
  A spark wasp (Depths:2)
  6 ettins
  3 dire elephants
  7 deep elf high priests
  3 yaktaur captains
  4 fire dragons
  A shambling mangrove (Swamp:3)
  7 great orbs of eyes
  An entropy weaver (Vaults:1)
  6 vault guards
  6 spriggan air magi
  9 anacondas
  2 salamander tyrants
  5 rakshasas
  3 peacekeepers
  5 ogre magi
  3 catoblepae
  16 hydras
  2 ghost crabs (Swamp:4)
  4 ironbound frosthearts
  3 ice dragons
  18 two-headed ogres
  4 boulder beetles
  10 dancing weapons
  A two-headed ogre (shapeshifter) (Depths:2)
  15 alligators
  16 centaur warriors
  9 deep troll shamans
  3 tengu warriors
  5 deep troll earth magi
  11 death yaks
  15 naga warriors
  17 naga sharpshooters
  8 shock serpents
  5 spriggan berserkers
  2 spriggans
  An occultist (Depths:3)
  8 hell knights
  8 deep elf knights
  2 skeletal warriors
  An iron troll (Depths:3)
  2 cherubim (Abyss:4)
  A skyshark (Elf:1)
  5 salamander mystics
  4 goliath frogs
  3 sea snakes (Snake:4)
  3 spriggan druids (Swamp:4)
  35 deep trolls
  4 glowing orange brains
  A shadow demon (Abyss:4)
  A phantasmal warrior (Vaults:1)
  7 naga ritualists
  7 swamp dragons
  9 deep elf archers
  5 arcanists
  2 bog bodies
  A flayed ghost (Depths:4)
  10 ironbound convokers
  5 harpies
  4 lindwurms
  9 orc knights
  7 necromancers
  15 deep elf pyromancers
  11 mana vipers
  24 ugly things
  A human zombie (Vaults:2)
  14 deep elf zephyrmancers
  30 salamanders
  A will-o-the-wisp (Swamp:3)
  A cyclops (D:11)
  3 manticores
  4 large abominations (Abyss:4)
  15 elephants
  A guardian serpent (shapeshifter) (Vaults:3)
  2 molten gargoyles (Elf:2)
  4 moths of wrath (Zot:1)
  2 kobold blastminers (Orc:1)
  Joseph (D:8)
  14 guardian serpents
  17 naga magi
  28 black mambas
  A gargoyle (D:14)
  16 vault sentinels
  An eye of devastation (shapeshifter) (Depths:2)
  2 ice statues (IceCv)
  2 centaur skeletons (D:14)
  2 cane toads
  2 hellions (Elf:3)
  4 komodo dragons
  3 unseen horrors
  2 efreet
  A rime drake (Lair:2)
  12 yaktaurs
  A freezing wraith (D:15)
  4 tengu conjurers
  4 trolls
  5 bloated husks
  A queen bee (shapeshifter) (D:14)
  7 hornets
  5 tyrant leeches
  A hellwing (Abyss:3)
  A stone giant simulacrum (Vaults:2)
  2 raiju (Abyss:4)
  A glass eye (Depths:2)
  20 blink frogs
  4 dream sheep (Lair:5)
  A frost giant simulacrum (Vaults:3)
  A human simulacrum (Vaults:3)
  38 slime creatures
  3 air elementals
  3 wraiths
  27 yaks
  A ynoxinul (Abyss:3)
  7 water elementals
  4 basilisks
  3 wargs
  3 fire elementals
  2 neqoxecs
  3 fire bats (Elf:2)
  A redback (Vaults:1)
  8 vampire mosquitoes
  46 nagas
  11 swamp worms
  2 acid dragons
  4 hell hounds (Elf:1)
  7 water moccasins
  11 swamp drakes
  A black bear (Lair:1)
  An ettin simulacrum (Vaults:2)
  A black bear (shapeshifter) (Elf:1)
  6 orc warriors
  2 sky beasts
  3 laughing skulls (Abyss:4)
  27 ogres
  14 centaurs
  10 wolves
  A phantom (D:5)
  A slime creature simulacrum (IceCv)
  3 kobold brigands
  9 bullfrogs
  2 scorpions
  2 human skeletons (Vaults:2)
  3 small abominations (Abyss:4)
  3 wights
  8 killer bees
  8 howler monkeys
  An electric eel (Elf:3)
  2 crimson imps (D:10)
  3 lava snakes
  9 orc priests
  A gnoll bouda (D:9)
  Ijyb (D:3)
  5 hexers
  An iguana (D:6)
  8 orc wizards
  A shapeshifter simulacrum (IceCv)
  6 gnolls
  2 adders (D:5)
  6 white imps (Lair:4)
  An ufetubus (D:6)
  A worm (D:4)
  A dart slug (D:6)
  46 orcs
  5 endoplasms
  An endoplasm (shapeshifter) (Elf:1)
  3 giant cockroaches
  8 goblins
  3 hobgoblins (D:1)
  A quokka (D:3)
  A ball python (D:1)
  5 bats
  2 frilled lizards
  19 kobolds
  6 rats
  A starspawn tentacle (Abyss:4)
1249 creatures vanquished.

Vanquished Creatures (collateral kills)
  A juggernaut (Abyss:4)
  A tentacled monstrosity (Depths:4)
  Mlioglotl (Lair:3)
  A deep elf master archer (Elf:3)
  5 liches
  2 death cobs (Zot:1)
  3 tentacled starspawn (Abyss:4)
  2 sphinxes (Depths:2)
  An ancient champion (Depths:2)
  A storm dragon (Depths:3)
  A tengu reaver (Depths:2)
  2 shadow dragons
  A protean progenitor (Zot:1)
  A nagaraja (Snake:4)
  A draconian shifter (Zot:1)
  4 fire giants
  Louise (Depths:1)
  A deep elf sorcerer (Elf:3)
  An angel (Abyss:4)
  2 vault wardens
  A deep elf elementalist (Elf:3)
  2 ghouls
  2 ironbound thunderhulks
  3 stone giants
  A quicksilver ooze (IceCv)
  A very ugly thing (Depths:4)
  2 orc warlords
  A formless jellyfish (Vaults:3)
  6 ironbound preservers
  A deep elf death mage (Elf:3)
  A black draconian (Depths:4)
  A yellow draconian (Zot:1)
  3 dire elephants (Vaults:3)
  2 deep elf demonologists (Elf:3)
  A red draconian (Zot:1)
  4 green draconians
  A war gargoyle (Vaults:2)
  3 purple draconians
  An ettin (Depths:1)
  3 crystal guardians
  A fire dragon (Depths:2)
  2 jiangshi (Depths:3)
  Josephine (Lair:2)
  2 yaktaur captains (Vaults:4)
  3 great orbs of eyes (Vaults:3)
  3 ice dragons (Depths:1)
  A spriggan air mage (Depths:2)
  6 hydras
  An ogre mage (Orc:2)
  2 centaur warriors (Vaults:2)
  A peacekeeper (Vaults:2)
  A ghost crab (Swamp:1)
  4 anacondas
  2 ironbound frosthearts
  A vault guard (Vaults:3)
  2 alligators (Swamp:1)
  A jorogumo (Zot:1)
  3 catoblepae
  10 two-headed ogres
  A deep troll shaman (Depths:4)
  9 death yaks
  15 dancing weapons
  A boulder beetle (D:15)
  A sphinx skeleton (Vaults:2)
  7 naga warriors
  A vampire mage (Depths:3)
  A deep troll earth mage (Depths:4)
  2 hell knights (Depths:4)
  3 deep elf knights
  3 naga sharpshooters
  A skyshark (Elf:1)
  3 skeletal warriors (Depths:2)
  2 salamander mystics
  A fire crab (Lair:5)
  A storm dragon skeleton (Vaults:2)
  2 iron trolls
  6 deep trolls
  An elf zombie (Vaults:2)
  2 ironbound convokers
  An arcanist (Vaults:3)
  A bog body (Swamp:1)
  4 deep elf zephyrmancers (Elf:2)
  2 deep elf archers
  2 naga ritualists
  7 deep elf pyromancers
  An iron dragon zombie (Vaults:2)
  2 necromancers
  A tengu skeleton (Vaults:2)
  2 mana vipers (Snake:1)
  A will-o-the-wisp (Swamp:4)
  6 salamanders
  3 ugly things
  A cyclops (D:7)
  2 manticores (Lair:5)
  4 elephants
  4 naga magi
  5 vault sentinels
  A human skeleton (Vaults:3)
  4 guardian serpents
  2 molten gargoyles (Elf:2)
  9 black mambas
  2 centaur skeletons (D:14)
  A cane toad (Lair:4)
  An unseen horror (D:10)
  2 torpor snails
  A kobold demonologist (D:14)
  A large abomination (Abyss:4)
  A freezing wraith (Vaults:3)
  3 yaktaurs
  2 rime drakes
  9 komodo dragons
  An ancient zyme (Abyss:4)
  2 polar bears
  2 hornets
  A raiju (Abyss:4)
  13 blink frogs
  14 slime creatures
  2 dream sheep (Lair:5)
  A glass eye (Depths:2)
  2 spriggans
  A water elemental (Elf:2)
  A shadow (D:10)
  21 yaks
  4 basilisks
  5 wraiths
  A warg (D:9)
  A wyvern (Lair:1)
  2 redbacks (shapeshifter) (Depths:2)
  A redback (Vaults:1)
  2 steam dragons (D:8)
  A vampire mosquito (Swamp:3)
  7 nagas
  A swamp worm (Swamp:1)
  An acid dragon (D:11)
  3 great orb of eyes simulacra (IceCv)
  3 water moccasins
  2 glowing shapeshifter skeletons (Vaults:2)
  A swamp drake (Swamp:4)
  A black bear (D:6)
  An ice beast (D:13)
  6 orc warriors
  A sky beast (D:8)
  10 ogres
  3 wolves
  5 centaurs
  2 phantoms
  3 slime creature simulacra (IceCv)
  A kobold brigand (D:8)
  10 bullfrogs
  4 glowing shapeshifter simulacra (IceCv)
  4 earth elementals
  A gnoll sergeant (D:7)
  9 wights
  Dowan (D:4)
  2 killer bees
  4 howler monkeys
  2 crimson imps (D:10)
  A lava snake (Lair:2)
  3 jellies
  3 hounds
  5 orc priests
  2 sleepcaps (D:7)
  A gnoll bouda (D:7)
  2 iguanas
  6 orc wizards
  5 shapeshifter simulacra (IceCv)
  5 adders
  2 gnolls (D:7)
  5 shadow imps
  7 white imps
  3 ufetubi (D:6)
  11 orcs
  A ball python (D:2)
  2 bats
  2 endoplasms
  3 goblins
  A hobgoblin (D:1)
  2 kobolds
  A quokka (D:2)
  An aspiring flesh (Zot:1)
  5 starspawn tentacles (Abyss:4)
516 creatures vanquished.

Vanquished Creatures (others)
  2 red draconians (Zot:1)
  A bloated husk (Swamp:2)
  48 hexers
  An ancestor (D:1)
  4 foxfires (Swamp:4)
  8 starspawn tentacles (Abyss:4)
64 creatures vanquished.

Grand Total: 1829 creatures vanquished

Notes
Turn   | Place    | Note
-------+----------+-------------------------------------------
     0 | D:1      | iguanaiguana the Human Alchemist began the quest for the
                  | Orb.
     0 | D:1      | Reached XP level 1. HP: 13/13 MP: 3/3
   177 | D:1      | Reached XP level 2. HP: 14/19 MP: 0/5
   219 | D:1      | Found a faded altar of an unknown god.
   227 | D:1      | Prayed at the altar of an unknown god.
   227 | D:1      | Became a worshipper of Hepliaklqana the Forgotten
   227 | D:1      | Reached * piety under Hepliaklqana
   336 | D:1      | Learned a level 2 spell: Mercury Vapours
   597 | D:2      | Reached XP level 3. HP: 21/21 MP: 2/6
   690 | D:2      | Reached skill level 1 in Air Magic
   864 | D:2      | Reached ** piety under Hepliaklqana
   865 | D:2      | Remembered your ancestor Oldiguana as a hexer
  1686 | D:1      | Reached XP level 4. HP: 27/27 MP: 4/7
  2162 | D:3      | Learned a level 3 spell: Mephitic Cloud
  2261 | D:3      | Noticed Ijyb
  2267 | D:3      | Killed Ijyb
  2496 | D:3      | Reached XP level 5. HP: 31/31 MP: 5/9
  2669 | D:4      | Noticed Dowan
  2781 | D:4      | Reached *** piety under Hepliaklqana
  2896 | D:4      | Noticed Duvessa
  2897 | D:4      | Duvessa changed into Duvessa the hound
  2897 | D:4      | Noticed Duvessa
  2903 | D:4      | Killed Duvessa the hound
  2904 | D:4      | Reached skill level 5 in Alchemy
  2904 | D:4      | Killed Dowan
  2905 | D:4      | Reached XP level 6. HP: 35/36 MP: 1/10
  2954 | D:4      | Learned a level 4 spell: Olgreb's Toxic Radiance
  3065 | D:4      | Found a sparkling altar of Nemelex Xobeh.
  3286 | D:5      | Entered Level 5 of the Dungeon
  3295 | D:5      | Noticed a water moccasin
  3328 | D:4      | Reached XP level 7. HP: 24/41 MP: 3/11
  3832 | D:6      | Reached skill level 1 in Fire Magic
  3948 | D:6      | Noticed a troll
  3961 | D:6      | Killed a troll
  3962 | D:6      | Reached XP level 8. HP: 40/46 MP: 1/12
  4726 | D:6      | Found a snail-covered altar of Cheibriados.
  4758 | D:6      | Found a staircase to the Ecumenical Temple.
  4766 | Temple   | Entered the Ecumenical Temple
  4850 | D:6      | Reached skill level 5 in Fire Magic
  4926 | D:6      | Reached XP level 9. HP: 20/51 MP: 10/13
  4931 | D:6      | Learned a level 4 spell: Sticky Flame
  5441 | D:7      | Noticed a cyclops
  5462 | D:7      | Killed a cyclops
  5606 | D:7      | Reached skill level 5 in Stealth
  5666 | D:7      | Found a glowing silver altar of Zin.
  5696 | D:7      | Noticed a hornet
  5704 | D:7      | Killed a hornet
  5714 | D:7      | Reached skill level 1 in Fighting
  5798 | D:7      | Found an ornate altar of the Wu Jian Council.
  5905 | D:7      | Found Ibruvipi's Armour Emporium.
  5913 | D:7      | Bought a +0 cloak for 72 gold pieces
  6168 | D:7      | Identified the +3 glaive of the Heavens {freeze, rElec
                  | Will+ rCorr}
  6411 | D:8      | Reached **** piety under Hepliaklqana
  6451 | D:8      | Reached skill level 5 in Fighting
  6466 | D:8      | Reached XP level 10. HP: 54/68 MP: 3/15
  6474 | D:8      | Reached skill level 5 in Spellcasting
  6490 | D:8      | Found a hazy altar of Hepliaklqana.
  6498 | D:8      | Reached skill level 1 in Invocations
  6529 | D:8      | Reached skill level 1 in Evocations
  6570 | D:8      | Noticed a +0 short sword
  6570 | D:8      | Noticed a +0 dagger
  6570 | D:8      | Noticed a +0 short sword
  6571 | D:8      | Noticed a +0 spear
  6571 | D:8      | Noticed a +0 spear
  6571 | D:8      | Noticed a +0 falchion
  6571 | D:8      | Noticed a +0 dagger
  6571 | D:8      | Noticed a +0 falchion
  6610 | D:7      | Learned a level 3 spell: Swiftness
  6766 | D:8      | Noticed Joseph
  6796 | D:8      | Killed Joseph
  6886 | D:8      | Reached skill level 5 in Invocations
  6965 | D:8      | Found a large runed translucent door.
  6965 | D:8      | Found a large runed translucent door.
  6976 | D:8      | Found a stormy altar of Qazlal.
  6983 | D:8      | Found a glowing golden altar of the Shining One.
  6989 | D:8      | Reached skill level 5 in Evocations
  7122 | D:8      | Found a hide-covered altar of Uskayaw.
  7361 | D:9      | Reached XP level 11. HP: 72/72 MP: 18/18
  7482 | D:9      | Gained mutation: You have a pair of small antennae on your
                  | head. [potion of mutation]
  7482 | D:9      | Gained mutation: You have a pair of antennae on your head.
                  | [potion of mutation]
  7482 | D:9      | Gained mutation: Your system is resistant to poisons.
                  | (rPois) [potion of mutation]
  7540 | D:9      | Found a staircase to the Orcish Mines.
  7980 | D:10     | Entered Level 10 of the Dungeon
  8194 | D:10     | Noticed a death yak
  8199 | D:10     | Noticed a death yak
  8205 | D:10     | Killed a death yak
  8313 | D:10     | Found a staircase to the Lair.
  8324 | D:10     | Noticed a death yak
  8324 | D:10     | Noticed a death yak
  8325 | D:10     | Noticed a death yak
  8330 | D:10     | Noticed a death yak
  8333 | D:10     | Noticed a death yak
  8596 | D:10     | Reached ***** piety under Hepliaklqana
  8650 | D:10     | Killed a death yak
  8651 | D:10     | Reached skill level 5 in Dodging
  8703 | D:10     | Killed a death yak
  8706 | D:10     | Killed a death yak
  8707 | D:10     | Reached skill level 1 in Armour
  8885 | D:10     | Found a shimmering altar of Xom.
  9292 | D:10     | Found a shimmering altar of Xom.
  9379 | D:10     | Found a staircase to the Lair.
  9448 | D:10     | Killed a death yak
  9449 | D:10     | Reached XP level 12. HP: 82/82 MP: 2/19
  9746 | D:10     | Killed a death yak
  9747 | D:10     | Killed a death yak
  9840 | Orc:1    | Entered Level 1 of the Orcish Mines
  9872 | Orc:1    | Reached skill level 5 in Conjurations
  9962 | Orc:1    | Noticed an ettin
 10031 | Orc:2    | Entered Level 2 of the Orcish Mines
 10176 | Orc:2    | Found a staircase to the Elven Halls.
 10286 | Orc:2    | Reached skill level 5 in Air Magic
 10295 | Orc:2    | Noticed a two-headed ogre
 10295 | Orc:2    | Noticed a two-headed ogre
 10296 | Orc:2    | Noticed an ogre mage
 10296 | Orc:2    | Noticed an ogre mage
 10297 | Orc:2    | Noticed an ogre mage
 10297 | Orc:2    | Noticed a two-headed ogre
 10298 | Orc:2    | Killed an ogre mage
 10298 | Orc:2    | Killed a two-headed ogre
 10298 | Orc:2    | Killed an ogre mage
 10298 | Orc:2    | Killed a two-headed ogre
 10299 | Orc:2    | Reached skill level 3 in Ice Magic
 10308 | Orc:2    | Killed a two-headed ogre
 10310 | Orc:2    | Noticed a two-headed ogre
 10310 | Orc:2    | Killed an ogre mage
 10311 | Orc:2    | Reached skill level 4 in Ice Magic
 10312 | Orc:2    | Noticed a two-headed ogre
 10313 | Orc:2    | Noticed a two-headed ogre
 10317 | Orc:2    | Noticed a two-headed ogre
 10320 | Orc:2    | Killed a two-headed ogre
 10321 | Orc:2    | Reached skill level 5 in Ice Magic
 10359 | Orc:2    | Noticed a two-headed ogre
 10433 | Orc:2    | Killed a two-headed ogre
 10434 | Orc:2    | Reached skill level 6 in Ice Magic
 10434 | Orc:2    | Killed a two-headed ogre
 10434 | Orc:2    | Noticed a two-headed ogre
 10526 | Orc:2    | Killed a two-headed ogre
 10602 | Orc:2    | Noticed an ogre mage
 10606 | Orc:2    | Noticed a two-headed ogre
 10633 | Orc:2    | Killed a two-headed ogre
 10634 | Orc:2    | Reached XP level 13. HP: 88/88 MP: 5/20
 10689 | Orc:2    | Reached skill level 7 in Ice Magic
 10695 | Orc:2    | Learned a level 5 spell: Freezing Cloud
 10715 | Orc:2    | Found Plog's Assorted Antiques.
 10715 | Orc:2    | Found Ganuthuim's Magic Scroll Shoppe.
 10715 | Orc:2    | Found Cashez's Antique Armour Shoppe.
 10715 | Orc:2    | Found Gestiluf's Weapon Shop.
 10731 | Orc:2    | Bought a runed opal ring for 125 gold pieces
 10731 | Orc:2    | Bought a scroll labelled DAEJE NUMEQIB for 25 gold pieces
 10785 | Orc:2    | Bought a scroll of enchant armour for 75 gold pieces
 10785 | Orc:2    | Bought a scroll of amnesia for 40 gold pieces
 10785 | Orc:2    | Bought a scroll of vulnerability for 40 gold pieces
 10785 | Orc:2    | Bought a scroll of identify for 20 gold pieces
 10785 | Orc:2    | Bought a scroll of identify for 20 gold pieces
 10785 | Orc:2    | Bought a scroll of identify for 20 gold pieces
 10785 | Orc:2    | Bought a scroll of identify for 20 gold pieces
 11455 | Orc:1    | Found a runed translucent gate.
 11527 | Orc:1    | Found a transporter.
 11555 | Orc:1    | Found a runed translucent gate.
 11555 | Orc:1    | Found a runed translucent gate.
 11555 | Orc:1    | Noticed Liezuv's ghost (journeyman HOFi)
 11833 | Lair:1   | Entered Level 1 of the Lair of Beasts
 11889 | Lair:1   | Reached skill level 8 in Ice Magic
 11970 | Lair:1   | Noticed Gastronok
 12021 | Lair:1   | Killed Gastronok
 12177 | Lair:1   | Identified the ring "Viumal" {rN+ Int+3 Dex-2}
 13033 | Lair:2   | Reached skill level 9 in Ice Magic
 13033 | Lair:2   | Reached XP level 14. HP: 94/94 MP: 21/21
 13034 | Lair:2   | Reached XP level 15. HP: 100/100 MP: 22/22
 13315 | Lair:2   | Found a staircase to the Snake Pit.
 13424 | Lair:2   | Reached XP level 16. HP: 107/107 MP: 12/23
 13760 | Lair:2   | Identified a scroll of acquirement
 14168 | Lair:3   | Noticed Josephine
 14177 | Lair:2   | Killed Josephine
 14178 | Lair:2   | Reached skill level 10 in Conjurations
 14289 | Lair:3   | Found a staircase to the Swamp.
 14336 | Lair:3   | Reached skill level 10 in Ice Magic
 14336 | Lair:3   | Reached skill level 10 in Air Magic
 14336 | Lair:3   | Reached skill level 10 in Invocations
 14513 | Lair:3   | Noticed grandjackal's ghost (journeyman DrGl)
 14516 | Lair:3   | Found a runed translucent gate.
 14559 | Lair:3   | Found a runed translucent gate.
 14559 | Lair:3   | Found a runed translucent gate.
 14769 | Lair:3   | Reached ****** piety under Hepliaklqana
 15232 | Lair:3   | Killed grandjackal's ghost
 15405 | Lair:4   | Reached skill level 10 in Fighting
 15409 | Lair:4   | Found a frozen archway.
 15442 | IceCv    | Entered an ice cave
 16154 | IceCv    | Found a viscous altar of Jiyva.
 16154 | IceCv    | Noticed an azure jelly
 16164 | IceCv    | Killed an azure jelly
 16314 | IceCv    | Got the Parchment of the Wendigo
 17016 | Lair:5   | Entered Level 5 of the Lair of Beasts
 17371 | Lair:5   | Reached skill level 10 in Dodging
 17581 | Lair:5   | Reached XP level 17. HP: 112/119 MP: 18/24
 17640 | Lair:5   | Reached skill level 11 in Ice Magic
 17994 | Lair:5   | Found a runed translucent door.
 17996 | Lair:5   | Noticed an acid blob
 17997 | Lair:5   | Found a staircase to the Slime Pits.
 17997 | Lair:5   | Noticed an acid blob
 18752 | Lair:5   | Got the Anthology of the Violent Gathering
 18757 | Lair:5   | Upgraded the game from 0.31-a0-1321-g5021b54cb2 to
                  | 0.31-a0-1338-gb567cfdca4
 18991 | D:11     | Reached skill level 12 in Ice Magic
 19253 | D:11     | Acquired 999 gold pieces
 20385 | D:13     | Reached skill level 13 in Ice Magic
 20831 | D:13     | Found a portal to a secret trove of treasure.
 21458 | D:14     | Found a broken altar of Ashenzari.
 21715 | D:14     | Learned a level 7 spell: Ozocubu's Refrigeration
 22626 | D:14     | Reached skill level 14 in Ice Magic
 22633 | D:14     | Found a gate to the Vaults.
 22895 | D:15     | Entered Level 15 of the Dungeon
 22895 | D:15     | Found Mekeneb's Antique Armour Boutique.
 22969 | D:15     | Noticed Rupert
 23639 | D:15     | Reached skill level 15 in Ice Magic
 24198 | D:15     | Killed Rupert
 24405 | D:15     | Found Foclib's Book Emporium.
 24546 | D:15     | Found a staircase to the Depths.
 25050 | Snake:1  | Entered Level 1 of the Snake Pit
 25235 | Snake:1  | Reached XP level 18. HP: 126/126 MP: 14/29
 25967 | Snake:1  | You fall into a shaft and drop 1 floor!
 26559 | Snake:2  | Reached skill level 16 in Ice Magic
 27007 | Snake:2  | Identified the +5 whip "Eviscerator" {freeze, rElec rC+
                  | Will+ Dex+4}
 27813 | Snake:3  | Noticed Vashnia
 27917 | Snake:3  | Reached skill level 17 in Ice Magic
 27918 | Snake:3  | Reached skill level 1 in Shields
 28748 | Snake:3  | Reached skill level 5 in Shields
 29295 | Snake:3  | Noticed Asterion
 29296 | Snake:3  | Noticed Bai Suzhen
 29916 | Snake:3  | Killed Asterion
 30827 | Snake:4  | Entered Level 4 of the Snake Pit
 31376 | Snake:4  | Reached XP level 19. HP: 131/131 MP: 22/31
 32035 | Snake:4  | Reached skill level 18 in Ice Magic
 32149 | Snake:4  | Identified the +9 chain mail of Lainy {rElec rF- rN+ Str+7}
 33416 | Snake:4  | Identified the ring "Xeih" {Str+6 Int+2 Slay+2}
 33656 | Snake:4  | Reached skill level 10 in Shields
 35781 | Snake:4  | Got a serpentine rune of Zot
 35970 | Swamp:1  | Entered Level 1 of the Swamp
 36114 | Swamp:1  | Noticed Mlioglotl
 36514 | Lair:3   | Killed Mlioglotl
 36777 | Swamp:1  | You fall into a shaft and drop 1 floor!
 36892 | Swamp:2  | Noticed Nikola
 36906 | Swamp:2  | Killed Nikola
 38878 | Swamp:3  | Reached skill level 19 in Ice Magic
 39226 | Swamp:3  | Found a large runed translucent door.
 39228 | Swamp:3  | Found a large runed translucent door.
 39342 | Swamp:3  | Learned a level 1 spell: Apportation
 39583 | Swamp:3  | Reached XP level 20. HP: 137/137 MP: 17/32
 40571 | Swamp:3  | Noticed benadryl's ghost (adept MiBe)
 40609 | Swamp:4  | Entered Level 4 of the Swamp
 41602 | Swamp:4  | Reached skill level 20 in Ice Magic
 43078 | Swamp:4  | Got a decaying rune of Zot
 43394 | Swamp:4  | Upgraded the game from 0.31-a0-1338-gb567cfdca4 to
                  | 0.31-a0-1447-g87ca8d402b
 44739 | Elf:1    | Entered Level 1 of the Elven Halls
 45275 | Elf:1    | Learned a level 6 spell: Sculpt Simulacrum
 45574 | Elf:1    | Identified the granite talisman "Xovve" {Int+3}
 45574 | Elf:1    | Noticed Roxanne
 46344 | Elf:1    | Noticed Azrael
 46346 | Elf:1    | Killed Azrael
 46621 | Elf:1    | Noticed Norris
 46631 | Elf:1    | Killed Norris
 47352 | Elf:2    | Reached skill level 10 in Alchemy
 47639 | Elf:2    | Paralysed by an air elemental for 1 turns
 48179 | Elf:2    | Reached XP level 21. HP: 149/149 MP: 14/33
 48966 | Elf:2    | Found a runed translucent gate.
 48966 | Elf:2    | Found a runed translucent gate.
 48966 | Elf:2    | Found a runed translucent gate.
 49200 | Elf:3    | Entered Level 3 of the Elven Halls
 49302 | Elf:3    | Reached skill level 15 in Fighting
 49972 | Elf:3    | Found a radiant altar of Vehumet.
 50290 | Elf:3    | Found Jiviops's Antique Weapon Boutique.
 51049 | Elf:3    | Found the +6 arbalest "Damnation" {damnation}
 51212 | Elf:3    | Identified the storm talisman "Rezinesan" {Str+3}
 51215 | Elf:3    | Identified the +4 scimitar of Extermination {drain, rPois}
 52598 | Elf:3    | Identified the +7 long sword of Death {heavy, *Noise rC+++
                  | Stlth+}
 52605 | Elf:3    | Identified the amulet of Ryvyehi {Reflect Int+2 SH+5}
 52936 | Elf:3    | Identified the +3 chain mail of Makhleb's Displeasure {rF+}
 53404 | Elf:3    | Identified the staff of Irritation {rElec rF++ Air}
 53946 | Vaults:1 | Entered Level 1 of the Vaults
 56443 | Vaults:1 | Reached skill level 1 in Staves
 56459 | Vaults:1 | Found a runed translucent gate.
 56460 | Vaults:1 | Found a runed translucent gate.
 56460 | Vaults:1 | Found a runed translucent gate.
 56460 | Vaults:1 | Found an opulent altar of Gozag.
 56461 | Vaults:1 | Noticed Pixtaico's ghost (adept FeNe)
 57271 | Vaults:2 | Noticed Mara
 57277 | Vaults:2 | Noticed iguanaiguana's illusion
 57284 | Vaults:2 | Reached skill level 5 in Staves
 57871 | Vaults:1 | Found a runed translucent gate.
 57873 | Vaults:1 | Found a runed translucent gate.
 57874 | Vaults:1 | Found a runed translucent gate.
 57874 | Vaults:1 | Found an opulent altar of Gozag.
 58492 | Vaults:1 | Killed Mara
 59083 | Vaults:2 | Found Boiruk's Weapon Shop.
 59351 | Vaults:2 | Reached XP level 22. HP: 165/165 MP: 6/34
 59591 | Vaults:2 | Found Esudist's Jewellery Emporium.
 59596 | Vaults:2 | Bought the amulet of Emmoirhu {RegenMP ^Contam Int+3 Dex+5}
                  | for 1012 gold pieces
 59608 | Vaults:2 | Bought the ring of Kufyto {Int+6 Dex+2 Slay+2 Stlth+} for
                  | 1226 gold pieces
 59822 | Vaults:2 | Reached skill level 10 in Staves
 60108 | Vaults:2 | Found a staircase to the Crypt.
 60160 | Vaults:2 | Identified the serpent talisman "Xocwoaru" {rElec Str+4}
 60160 | Vaults:2 | Noticed Aizul
 60180 | Vaults:2 | Killed Aizul
 60256 | Vaults:2 | Found Amiampeo's Assorted Antiques.
 60499 | Vaults:2 | Noticed Margery
 60504 | Vaults:2 | Killed Margery
 61372 | Vaults:2 | Found Otuo's Antique Weapon Emporium.
 61961 | Vaults:3 | Reached skill level 10 in Evocations
 62754 | Vaults:3 | Noticed Donald
 62757 | Vaults:3 | Killed Donald
 63016 | Vaults:3 | Identified the +7 glaive of Eternal Night {protect, rElec
                  | Dex+6}
 63465 | Vaults:3 | Reached XP level 23. HP: 171/171 MP: 21/35
 64104 | Vaults:4 | Reached skill level 15 in Shields
 64537 | Vaults:4 | Identified the +2 leather armour of the Original Sin {rPois
                  | rC+ Str+3}
 64577 | Vaults:4 | Found Izoadd's Magic Scroll Boutique.
 64597 | Vaults:4 | Bought a scroll of revelation for 127 gold pieces
 64825 | Vaults:4 | Identified the staff "Nirchelym" {rC+ rN+++ Int-5 Dex+3
                  | Conj Ice}
 65280 | Depths:1 | Entered Level 1 of the Depths
 65284 | Depths:1 | Identified the amulet of Edeneric {Reflect Will- Str+5
                  | Slay+3 SH+5}
 65384 | Depths:1 | Reached skill level 10 in Spellcasting
 65427 | Depths:1 | You fall into a shaft and drop 1 floor!
 65890 | Depths:1 | Found a one-way gate to the infinite horrors of the Abyss.
 65895 | Depths:1 | Noticed Louise
 65904 | Depths:1 | Killed Louise
 66019 | Depths:1 | Found a gateway to Hell.
 66479 | Depths:1 | Identified the +3 morningstar "Lyselimul" {freeze, rElec
                  | Will+ Str+2}
 67407 | Depths:2 | Identified the ring "Baizut" {rN++ Str+6 Dex-4 SInv Stlth+}
 67490 | Depths:2 | Paralysed by a sphinx for 2 turns
 67496 | Depths:2 | Found a one-way gate leading to the halls of Pandemonium.
 67647 | Depths:2 | Found Zaemalee's Magic Scroll Emporium.
 67655 | Depths:2 | Bought 3 scrolls of enchant armour for 360 gold pieces
 67668 | Depths:2 | Found a transporter.
 67688 | Depths:2 | Bought a scroll of summoning for 152 gold pieces
 67688 | Depths:2 | Bought a scroll of teleportation for 48 gold pieces
 67688 | Depths:2 | Bought a scroll of teleportation for 48 gold pieces
 67688 | Depths:2 | Bought a scroll of fear for 64 gold pieces
 67700 | Depths:2 | Identified the ring "Daifon" {rF+ Str+2}
 67840 | Depths:2 | Identified the ring "Cefouryp" {EV+5 Stlth+}
 68100 | Depths:2 | Noticed Sojobo
 68313 | Depths:2 | Killed Sojobo
 68314 | Depths:2 | Reached XP level 24. HP: 169/172 MP: 6/37
 68405 | Depths:2 | Found a transporter.
 68547 | D:15     | Bought Sif Muna's Lectures on Voltaic Hail for 528 gold
                  | pieces
 68547 | D:15     | Bought a book of Spectacle for 528 gold pieces
 68554 | D:15     | Learned a level 6 spell: Plasma Beam
 69115 | Depths:3 | Found a corrupted altar of Lugonu.
 69754 | Depths:4 | Entered Level 4 of the Depths
 69756 | Depths:4 | Found Ynus's Weapon Shop.
 70257 | Depths:3 | Reached skill level 10 in Fire Magic
 70541 | Depths:4 | Reached skill level 15 in Air Magic
 71179 | Depths:4 | Found a gate to the Realm of Zot.
 71575 | Depths:4 | Found a radiant altar of Vehumet.
 71690 | Depths:4 | Found a one-way gateway to a ziggurat.
 71792 | Depths:4 | Identified the +5 ring mail of Mezcal {Will+}
 71893 | Depths:4 | Voluntarily entered the Abyss.
 71916 | Depths:4 | Escaped the Abyss
 71918 | Depths:4 | Voluntarily entered the Abyss.
 71936 | Abyss:2  | Found a corrupted altar of Lugonu.
 71969 | Abyss:3  | Found a corrupted altar of Lugonu.
 71997 | Abyss:3  | Gained mutation: You are weak. (Str -2) [a neqoxec]
 72006 | Abyss:3  | Found a corrupted altar of Lugonu.
 72014 | Abyss:3  | Found a corrupted altar of Lugonu.
 72035 | Abyss:4  | Found a corrupted altar of Lugonu.
 72085 | Abyss:4  | Found a corrupted altar of Lugonu.
 72155 | Abyss:4  | Noticed a juggernaut
 72170 | Abyss:4  | Killed a juggernaut
 72201 | Abyss:4  | Found a glowing golden altar of the Shining One.
 72219 | Abyss:4  | Got an abyssal rune of Zot
 72231 | Depths:4 | Escaped the Abyss
 72285 | Zot:1    | Entered Level 1 of the Realm of Zot
 72337 | Zot:1    | Reached skill level 1 in Translocations
 73097 | Zot:1    | Reached XP level 25. HP: 147/183 MP: 17/37
 73366 | Zot:1    | Killed from afar by a yellow draconian annihilator

Illustrated notes

Levels and vault maps discovered:
D:1:      lemuel_arrival_river_bridge, layout_loops_cross,
          hellmonk_ecumenical_altar_slurped_away
D:2:      layout_loops_corners, minmay_stone_trees_large, minmay_pentomino_q4
D:3:      layout_loops_ring, uniq_ijyb
D:4:      layout_cave_pools, nemelex_dance_club_becter, wad_floor_pattern_1,
          minivault_24, kennysheep_nub, uniq_duvessa
D:5:      layout_rooms
D:6:      black_bear_nest_2, layout_basic, kennysheep_slug_shrine,
          minmay_temple_entry_statues_pillars, serial_curves, eino_curves_04,
          eino_curves_02, minivault_11, dk_noncrumbling_2, hangedman_decor_push,
          centaur_isle
D:7:      kennysheep_big_flooded_room, layout_basic,
          mainiacjoe_overflow_boulevard, nicolae_overflow_crystal_walls,
          serial_shops, nicolae_shop_rolling_square
D:8:      nzn_winding_woodlands_small [nzn_winding_woodlands_5x15_split_checker,
          nzn_winding_woodlands_center_garden,
          nzn_winding_woodlands_5x15_crooked], layout_cave_pools,
          mainiacjoe_overflow_cross_hatched, nicolae_uskayaw_en_pointe,
          jmf_multi_god_temple2, uniq_joseph
D:9:      layout_gridville, david_orc_1_choice
D:10:     layout_stronghold, led_xom_imps, dpeg_lair_monsters
D:11:     nicolae_cairo_tiling_large_dashed, layout_small_grid
D:12:     layout_roguey
D:13:     layout_loops_cross, trove_entry_hex_spiral
D:14:     layout_grid_maze, hangedman_vaults_entry_quadrant_bands,
          ashenzari_altar_1
D:15:     hangedman_depths_entry_try_elsewhere_first, layout_cave_pools,
          minmay_tree_intersection, serial_shops, shop, nicolae_square_shop,
          uniq_rupert
Temple:   hellmonk_temple_forest_ring
Lair:1:   layout_roguey, uniq_gastronok
Lair:2:   layout_cave_pods, nicolae_snake_entry_warm_welcome, lemuel_fruit_tree,
          grunt_megastairs_1
Lair:3:   layout_misc_corridors, swamp_mist, gammafunk_ghost_split,
          uniq_josephine
Lair:4:   layout_roguey, portal_ice_cave_entry_imps
Lair:5:   evilmike_catoblepas_cave, layout_regular_city, slime_entry_2
Swamp:1:  layout_basic_swamp, nicolae_swamp_dense_foliage,
          infiniplex_staircase_pool, uniq_mlioglotl
Swamp:2:  layout_basic_swamp, serial_swamp_ruin, evilmike_swamp_ruin_house_5,
          evilmike_swamp_ruin_house_4, uniq_nikola
Swamp:3:  nicolae_swamp_husk_halls, layout_basic_swamp,
          ebering_ghost_disaster_area, evilmike_swamp_ruin_house_3
Swamp:4:  swamp_alternative, layout_basic_swamp
Snake:1:  layout_honeycomb
Snake:2:  layout_gridlike, nicolae_elevator_lobby_asterisk, grunt_megastairs_4
Snake:3:  layout_onion, serial_shops, shop_statue,
          nicolae_snake_salamander_zone, uniq_vashnia, uniq_bai_suzhen,
          uniq_asterion
Snake:4:  grunt_snake_rune_serpentine_throne, layout_onion_interference,
          guppyfry_snake_island
Orc:1:    emtedronai_trogs_sanctum, layout_caves, ebering_ghost_rock_garden
Orc:2:    st_orc_ogre_mass, layout_caves, nicolae_orc_sculptors_studio,
          nicolae_orc_rockfall
Elf:1:    layout_loops_corners, hangedman_corner_corridor, st_stairs_6,
          uniq_norris, uniq_azrael, uniq_roxanne
Elf:2:    nicolae_elf_blades_splatter_lattice
          [nicolae_blade_entry_sentries_behind_glass], layout_geoelf_grid,
          minivault_8
Elf:3:    elf_hall_gauntlet_narrow, layout_geoelf_castle, serial_shops,
          nicolae_shop_back_alley_shop, basic_altar, minivault_15,
          hellmonk_guarded_unrand_damnation
Vaults:1: ebering_ghost_gozag, v_misc_29, nicolae_vaults_shelves_hall,
          vaults_room_door_hall, nicolae_vaults_corridor_and_loot_room,
          grunt_vaults_focal, nicolae_vaults_trapezoid_2,
          nicolae_vaults_tetromino_T_2, vaults_room_fours,
          layout_vaults_omnigrid
Vaults:2: ontoclasm_vaults_hangar, nicolae_vaults_branching_niches,
          nicolae_vaults_turnstiles, nicolae_vaults_mitosis, v_misc_18,
          minmay_crypt_entry_simple_round, v_alt_pattern_2,
          nicolae_vaults_storage_room_glass, vaults_room_stairs_pillars,
          dpeg_vaults_monster_box, nicolae_vaults_specimen_jars,
          vaults_dpeg_emergency_exit, v_misc_27, layout_vaults_omnicross,
          serial_shops, nicolae_shop_back_alley_shop, nicolae_shop_gaudy_bauble,
          shop, shop_statue, uniq_margery, uniq_aizul, uniq_mara
Vaults:3: ontoclasm_vaults_idyll, v_misc_32, vaults_dpeg_cross,
          nicolae_vaults_network_square, nicolae_vaults_wrenched,
          vaults_mumra_minichess_inversion, nicolae_vaults_oval_intersection,
          nicolae_vaults_mini_display_case, hangedman_vaults_hat, v_misc_13,
          layout_vaults_ring, uniq_donald
Vaults:4: nicolae_vaults_closet_pinwheel_1, nicolae_vaults_trapezoid_2,
          ontoclasm_vaults_ring_large, v_misc_9, hangedman_vaults_nails,
          nicolae_vaults_inception_corners, v_misc_27, nicolae_vaults_mush_room,
          vaults_standard_mumra_enter_the_diamond, grunt_vaults_bifocal,
          layout_vaults_maze_snakey, serial_shops, shop
Depths:1: layout_cave_pools, nicolae_abyss_entry_one_way_or_another,
          hangedman_tar_grid_catacomb, hangedman_decor_riveting,
          hangedman_decor_opposing, minmay_pinched_square
Depths:2: hangedman_spin_cycle, abyss_entry, pan_entry, hell_entry,
          uniq_josephina
Depths:3: minmay_inner_zag, layout_basic, abyss_entry_flame_altar, hell_entry,
          chequers_serial_rivers_room_a
Depths:4: grunt_twist_and_shout, layout_gridlike, enter_ziggurat_c,
          serial_shops, nicolae_shop_statue_plus, hell_entry, vehumet_crystals,
          hangedman_abyss_entry_splay, drop_trap
Zot:1:    layout_gridlike, grunt_megastairs_5

Skill      XL: |  1  2  3  4  5  6  7  8  9 10 11 12 13 14 15 16 17 18 19 20 21 22 23 24 25 |
---------------+----------------------------------------------------------------------------+-----
Alchemy        | 4 5 6 8 10 | 10.0
Air Magic      | 2 3 6 9 10 14 17 18 | 18.2
Conjurations   | 2 3 6 9 10 | 10.0
Spellcasting   | 3 5 7 8 10 | 10.0
Fire Magic     | 1 6 10 | 10.0
Stealth        | 6 |  6.0
Fighting       | 6 8 12 14 18 | 18.0
Invocations    | 6 7 8 9 10 | 10.0
Evocations     | 5 6 10 | 10.0
Dodging        | 6 10 | 10.0
Armour         | 3 |  3.5
Ice Magic      | 6 9 10 15 17 19 20 | 20.0
Shields        | 7 12 14 15 | 15.0
Staves         | 8 12 | 12.0
Translocations | 1 |  1.1

Action                     |  1- 3 |  4- 6 |  7- 9 | 10-12 | 13-15 | 16-18 | 19-21 | 22-24 | 25-27 || total
---------------------------+-------+-------+-------+-------+-------+-------+-------+-------+-------++-------
  Melee: Unarmed           |     2 |       |       |       |       |       |       |       |       ||     2
         Dagger            |     7 |    27 |     9 |       |       |       |       |       |       ||    43
         Punch             |       |     1 |       |       |       |       |       |       |       ||     1
         Morningstar       |       |       |     5 |       |       |       |       |    22 |       ||    27
         Spear             |       |       |     9 |       |       |       |       |       |       ||     9
         Glaive            |       |       |     6 |   126 |   144 |   331 |       |       |       ||   607
         Staff             |       |       |       |       |       |    11 |    90 |    78 |       ||   179
         Whip              |       |       |       |       |       |     9 |     3 |       |       ||    12
  Throw: Boomerang         |       |     2 |    12 |       |       |       |       |       |       ||    14
         Dart              |       |       |     2 |       |     1 |       |       |       |       ||     3
         Throwing net      |       |       |       |       |       |       |     1 |       |     1 ||     2
   Cast: Sting             |    64 |    47 |    63 |     7 |       |     1 |       |       |       ||   182
         Mercury Vapours   |     1 |    13 |    30 |    10 |       |     5 |     2 |       |       ||    61
         Mephitic Cloud    |       |       |     7 |    15 |     7 |    32 |     2 |       |       ||    63
         Olgreb's Toxic Ra |       |       |     7 |    56 |    43 |    92 |     8 |    16 |       ||   222
         Sticky Flame      |       |       |       |    11 |     2 |    23 |    24 |    29 |     2 ||    91
         Swiftness         |       |       |       |     1 |       |     3 |     1 |       |       ||     5
         Freezing Cloud    |       |       |       |       |     7 |    90 |    66 |    26 |     1 ||   190
         Ozocubu's Refrige |       |       |       |       |       |   180 |   475 |   560 |     7 ||  1222
         Sculpt Simulacrum |       |       |       |       |       |       |     9 |    15 |       ||    24
         Apportation       |       |       |       |       |       |       |    12 |     1 |       ||    13
         Plasma Beam       |       |       |       |       |       |       |       |    35 |     4 ||    39
 Invoke: Ancestor Life: He |     1 |       |       |       |       |       |       |       |       ||     1
         Recall Ancestor   |       |     1 |     1 |     4 |       |    10 |    13 |    19 |     1 ||    49
         Transference      |       |       |     1 |       |       |     2 |     1 |       |       ||     4
         Ancestor Identity |       |       |     1 |       |       |       |       |       |       ||     1
         Idealise          |       |       |       |     1 |     1 |     5 |     3 |    14 |     1 ||    25
  Evoke: Wand              |       |     2 |     2 |     6 |       |    17 |    10 |     7 |       ||    44
         Phantom mirror    |       |       |       |       |       |     1 |     3 |     4 |       ||     8
         Lightning rod     |       |       |       |       |       |       |       |     7 |       ||     7
         Condenser vane    |       |       |       |       |       |       |       |     1 |       ||     1
         Box of beasts     |       |       |       |       |       |       |       |     2 |       ||     2
    Use: Scroll            |       |       |       |    14 |     8 |     9 |     7 |    15 |    11 ||    64
         Potion            |       |       |       |     2 |     2 |     3 |     1 |    10 |     8 ||    26
   Stab: Distracted        |       |       |     1 |     1 |     2 |     6 |     1 |     1 |       ||    12
         Confused          |       |       |       |     7 |     6 |    14 |     3 |     7 |       ||    37
         Sleeping          |       |       |       |     1 |     1 |     2 |       |       |       ||     4
         Paralysed         |       |       |       |       |     5 |    78 |    17 |    16 |       ||   116
         Petrified         |       |       |       |       |       |     7 |       |       |       ||     7
 Armour: Robe              |    21 |    16 |    27 |     3 |       |       |       |       |       ||    67
         Steam dragon scal |       |       |       |    45 |    68 |   254 |   167 |       |       ||   534
         Troll leather arm |       |       |       |       |       |       |    15 |   178 |    38 ||   231
  Dodge: Dodged            |    18 |    24 |    59 |    96 |   131 |   349 |   147 |   125 |    20 ||   969
  Block: Kite shield       |       |       |       |       |       |     8 |   153 |   183 |    29 ||   373
         Reflection        |       |       |       |       |       |       |     5 |     4 |       ||     9

Table legend: (Time is in decaauts)
 A = Elapsed time spent in this place.
 B = Non-inter-level travel time spent in this place.
 C = Inter-level travel time spent in this place.
 D = Time resting spent in this place.
 E = Time spent auto-exploring this place.
 F = Levels seen in this place.
 G = Mean time per level.
                   A        B        C        D        E       F      G
               +--------+--------+--------+--------+--------+-----+--------+
         Total |  74202 |  68997 |   5205 |  11750 |  41623 |  49 | 1514.3 |
       Dungeon |  16703 |  14932 |   1771 |   1570 |   7920 |  15 | 1113.5 |
        Temple |      1 |      1 |      0 |      0 |      0 |   1 |    1.0 |
          Lair |   6936 |   6081 |    855 |    591 |   3795 |   5 | 1387.2 |
         Swamp |   7224 |   6898 |    326 |   2219 |   3965 |   4 | 1806.0 |
     Snake Pit |  12154 |  11458 |    696 |   3624 |   5967 |   4 | 3038.5 |
  Orcish Mines |   2097 |   1839 |    258 |    205 |   1039 |   2 | 1048.5 |
   Elven Halls |   8934 |   8453 |    481 |   1262 |   6097 |   3 | 2978.0 |
        Vaults |  11154 |  10644 |    510 |   1028 |   7974 |   4 | 2788.5 |
        Depths |   6787 |   6482 |    305 |   1005 |   4145 |   4 | 1696.8 |
           Zot |    921 |    921 |      0 |     29 |    514 |   1 |  921.0 |
         Abyss |    319 |    319 |      0 |      0 |      0 |   5 |   63.8 |
      Ice Cave |    967 |    967 |      0 |    217 |    205 |   1 |  967.0 |
               +--------+--------+--------+--------+--------+-----+--------+

Top non-repeatable levels by time:
Vaults:1: 4768 daAuts
 Snake:4: 4718 daAuts
   Elf:3: 4433 daAuts
 Snake:2: 3473 daAuts
Vaults:2: 2934 daAuts
    D:14: 2895 daAuts
 Swamp:3: 2688 daAuts
   Elf:1: 2626 daAuts
Vaults:3: 2037 daAuts
 Snake:1: 1998 daAuts
 Snake:3: 1964 daAuts
   Elf:2: 1874 daAuts
Depths:4: 1862 daAuts
 Swamp:4: 1852 daAuts
    D:10: 1847 daAuts
